AoeStats
← El Fantasma de Pancho Villa

Arena

509610297Analyzed
4v4 RM · 4d ago on Sep 27, 2026· 56m 27s· 8 players
Game mode
Random Map
Map size
Large (8 player)
Population
200
Speed
Normal
Resources
Standard
Victory
Conquest
Starting age
Dark Age
Ending age
Imperial Age
RankedLock teamsTeams togetherTeam positionsShared explorationLock speedFull tech treeHidden civsTurbo modeCheats
Victory
Defeat
🇫🇷 Portuguese · France
1139
+16
🇺🇸 Cumans · United States
1122
+17
🇬🇧 Japanese · United Kingdom
1103
+18
🇳🇱 Bohemians · Netherlands
1084
+18
🇦🇺 Danes · Australia
1197
-20
🇦🇺 Teutons · Australia
1157
-18
🇦🇺 Japanese · Australia
1106
-16
🇦🇺 Byzantines · Australia
1096
-15
JinXss
2:05 Loom
10:31 Feudal Age
11:08 Double-Bit Axe
11:06 Horse Collar
14:35 Wheelbarrow
17:23 Castle Age
15:35 Stone Mining
18:32 Bow Saw
18:28 Heavy Plow
23:38 Fortified Wall
24:54 Scale Mail Armor
27:15 Hand Cart
28:13 Gold Mining
29:39 Arson
29:55 Squires
31:14 Forging
36:36 Imperial Age
35:29 Gold Shaft Mining
35:07 Town Watch
36:39 Elite Samurai
37:42 Conscription
38:01 Iron Casting
37:41 Chain Mail Armor
40:59 Blast Furnace
40:29 Plate Mail Armor
49:36 Town Patrol
Roelofzen
4:24 Loom
12:04 Feudal Age
12:49 Double-Bit Axe
16:30 Castle Age
22:42 Horse Collar
24:32 Wheelbarrow
23:49 Town Watch
25:20 Hand Cart
26:56 Forging
26:46 Scale Mail Armor
27:20 Town Patrol
27:50 Bow Saw
27:42 Heavy Plow
31:14 Imperial Age
30:31 Chemistry
29:53 Ballistics
30:25 Chain Mail Armor
30:45 Iron Casting
30:24 Pikeman
31:05 Squires
31:02 Man-at-Arms
31:22 Houfnice
32:38 Plate Mail Armor
33:08 Blast Furnace
33:27 Two-Man Saw
32:57 Fortified Wall
32:36 Halberdier
33:42 Masonry
36:26 Conscription
36:13 Wagenburg Tactics
36:59 Long Swordsman
38:40 Siege Engineers
38:59 Bombard Tower
38:34 Two-Handed Swordsman
39:02 Champion
48:24 Murder Holes
54:46 Heavy Scorpion
Von
10:39 Feudal Age
11:05 Double-Bit Axe
12:01 Wheelbarrow
11:08 Horse Collar
17:52 Castle Age
16:08 Loom
19:04 Hand Cart
19:17 Bow Saw
19:11 Heavy Plow
20:58 Stone Mining
21:01 Gold Mining
26:07 Fortified Wall
25:38 Treadmill Crane
26:47 Fervor
31:14 Imperial Age
30:15 Forging
31:56 Masonry
32:55 Chemistry
32:01 Siege Engineers
31:29 Pikeman
32:41 Scale Mail Armor
33:11 Conscription
33:40 Arquebus
35:00 Architecture
34:58 Ballistics
34:35 Fletching
35:21 Iron Casting
35:01 Chain Mail Armor
36:28 Crop Rotation
37:02 Two-Man Saw
36:00 Bodkin Arrow
37:18 Elite Organ Gun
39:15 Plate Mail Armor
39:46 Blast Furnace
38:47 Padded Archer Armor
38:57 Halberdier
40:50 Bracer
41:08 Leather Archer Armor
48:09 Ring Archer Armor
49:52 Arson
50:17 Scale Barding Armor
51:52 Bombard Tower
52:03 Architecture
El Fantasma de Pancho Villa
14:37 Feudal Age
14:49 Man-at-Arms
15:52 Double-Bit Axe
19:06 Scale Mail Armor
19:17 Forging
24:47 Wheelbarrow
24:42 Fletching
28:03 Horse Collar
37:10 Castle Age
35:27 Padded Archer Armor
38:18 Hand Cart
40:56 Imperial Age
39:11 Leather Archer Armor
38:36 Pikeman
39:36 Bow Saw
38:55 Crossbowman
39:49 Bodkin Arrow
40:32 Ballistics
40:45 Chain Mail Armor
41:06 Iron Casting
40:35 Capped Ram
41:48 Thumb Ring
42:47 Ring Archer Armor
44:03 Chemistry
44:07 Plate Mail Armor
43:37 Halberdier
47:46 Blast Furnace
55:28 Two-Man Saw
Nick
10:33 Feudal Age
15:46 Castle Age
14:28 Loom
18:43 Man-at-Arms
19:28 Scale Mail Armor
22:43 Double-Bit Axe
22:41 Horse Collar
32:23 Gold Mining
35:30 Wheelbarrow
37:35 Bow Saw
40:55 Squires
41:19 Forging
43:43 Chain Mail Armor
44:53 Pikeman
46:09 Stone Mining
48:48 Coinage
52:15 Imperial Age
50:31 Heavy Plow
52:14 Hand Cart
52:22 Hand Cart
51:40 Pikeman
Killed by Tony
11:30 Feudal Age
16:29 Castle Age
16:04 Loom
16:23 Double-Bit Axe
18:18 Town Watch
21:30 Gold Mining
23:28 Wheelbarrow
22:42 Horse Collar
25:45 Fletching
28:29 Heavy Plow
29:24 Bodkin Arrow
31:32 Ballistics
33:45 Imperial Age
33:25 Hand Cart
35:49 Chemistry
34:36 Arrowslits
35:27 Conscription
35:59 Bow Saw
36:03 Forging
35:54 Scale Mail Armor
36:50 Cavalier
37:35 Pikeman
38:16 Squires
38:37 Chain Mail Armor
38:29 Scale Barding Armor
38:17 Paladin
40:42 Crenellations
41:38 Siege Engineers
43:13 Bloodlines
45:18 Two-Man Saw
45:03 Bombard Tower
48:09 Fortified Wall
50:48 Elite Skirmisher
lamp
10:22 Feudal Age
11:15 Double-Bit Axe
14:01 Castle Age
12:12 Horse Collar
14:53 Bow Saw
15:34 Heavy Plow
19:55 Wheelbarrow
20:55 Hand Cart
21:47 Gold Mining
24:04 Gold Shaft Mining
23:55 Stone Mining
27:56 Imperial Age
25:00 Man-at-Arms
25:56 Gambesons
26:12 Squires
27:04 Stone Shaft Mining
26:59 Scale Mail Armor
27:10 Forging
27:31 Arson
28:25 Chain Mail Armor
28:09 Capped Ram
29:24 Siege Engineers
30:27 Conscription
29:59 Elite Varangian Guard
31:43 Plate Mail Armor
31:51 Iron Casting
31:33 Hamask
35:14 Blast Furnace
33:59 Siege Ram
35:30 Northmen's Fury
38:34 Fletching
41:01 Bodkin Arrow
41:06 Padded Archer Armor
41:19 Onager
41:25 Elite Skirmisher
42:12 Thumb Ring
42:45 Bracer
43:00 Leather Archer Armor
45:53 Ballistics
48:31 Ring Archer Armor
49:21 Coinage
51:08 Chemistry
Lumeh
10:22 Feudal Age
15:48 Castle Age
13:37 Double-Bit Axe
13:34 Horse Collar
17:15 Bow Saw
17:52 Heavy Plow
23:07 Wheelbarrow
24:37 Loom
25:08 Husbandry
25:10 Light Cavalry
26:56 Hand Cart
28:54 Gold Mining
28:59 Stone Mining
29:38 Forging
29:34 Scale Barding Armor
33:15 Imperial Age
31:28 Iron Casting
31:49 Chain Barding Armor
34:10 Cavalier
35:11 Logistica
35:31 Conscription
35:51 Crop Rotation
36:23 Two-Man Saw
36:00 Gold Shaft Mining
36:01 Stone Shaft Mining
36:46 Plate Barding Armor
36:59 Paladin
39:52 Elite Cataphract
42:29 Logistica
46:18 Hoardings
49:12 Hussar
55:55 Scale Mail Armor
Connection lost

Rejoining the realm…

Still unreachable

The connection could not be restored.

Session expired

The server has moved on; the page needs a fresh start.